 Dungeon Crawl Stone Soup version 0.18.1-48-g4cf74bf (webtiles) character file.

10723 theElss the Thaumaturge (level 11, -4/61 HPs)
             Began as a High Elf Conjurer on July 20, 2016.
             Was a Believer of Vehumet.
             Slain by Urug
             ... wielding a +0 long sword
              (21 damage)
             ... on level 11 of the Dungeon.
             The game lasted 01:02:05 (13861 turns).

theElss the Thaumaturge (High Elf Conjurer)        Turns: 13861, Time: 01:02:07

Health: -4/61      AC: 11    Str:  9    XL:     11   Next: 39%
Magic:  0/29       EV: 16    Int: 21    God:    Vehumet [**....]
Gold:   436        SH:  0    Dex: 16    Spells: 5 memorised, 23 levels left

rFire  . . .     SeeInvis .     l - +0 dagger (venom)
rCold  . . .     Gourm    .     r - +0 leather armour
rNeg   + + .     Faith    .     (no shield)
rPois  .         Spirit   .     u - +3 helmet "Beheomid" {+Fly rN+ Regen+ Slay+2}
rElec  .         Dismiss  .     k - +0 cloak
rCorr  .         Reflect  .     J - +0 pair of gloves
SustAt .         Harm     .     A - +1 pair of boots
MR     ++...                    (no amulet)
Stlth  ++........               g - ring of protection from magic
                                O - ring of positive energy

@: very resistant to hostile enchantments, unstealthy
A: no striking features
a: Renounce Religion, Evoke Flight


You were on level 11 of the Dungeon.
You worshipped Vehumet.
Vehumet was pleased with you.
You were not hungry.

You visited 2 branches of the dungeon, and saw 12 of its levels.

You collected 496 gold pieces.
You spent 60 gold pieces at shops.

Inventory:

Hand Weapons
 l - a +0 dagger of venom (weapon)
Armour
 a - a +0 robe
 k - a +0 cloak (worn)
 r - a +0 leather armour (worn)
 u - the +3 helmet "Beheomid" (worn) {+Fly rN+ Regen+ Slay+2}
   (You found it on level 4 of the Dungeon)

   It affects your accuracy and damage with ranged weapons and melee attacks
   (+2).
   It protects you from negative energy.
   It lets you fly.
   It increases your rate of regeneration.
 A - a +1 pair of boots (worn)
 J - a +0 pair of gloves (worn)
 N - a cursed -2 leather armour
Jewellery
 g - a ring of protection from magic (right hand)
 o - an uncursed ring of resist corrosion
 O - a ring of positive energy (left hand)
Wands
 m - a wand of random effects (20/48)
 w - a wand of digging (9/24)
 y - a wand of flame (18/48)
 E - a wand of digging (14/24)
 M - a wand of disintegration (6/24)
 P - a wand of lightning (8/15)
 Q - a wand of flame (15/48)
 T - a wand of random effects (22/48)
Scrolls
 d - a scroll of amnesia
 i - 6 scrolls of teleportation
 j - 2 scrolls of blinking
 n - 3 scrolls of remove curse
 s - a scroll of identify
 v - a scroll of enchant weapon
 x - a scroll of recharging
 G - a scroll of enchant armour
 I - a scroll of fear
 L - a scroll of random uselessness
 S - a scroll of vulnerability {unknown}
Potions
 e - 4 potions of invisibility
 h - 2 potions of agility
 q - 2 potions of curing
 z - a potion of might
 C - a potion of lignification
 H - 2 potions of flight
 K - a potion of brilliance
Books
 b - a book of Conjurations

   Spells                             Type                      Level
   a - Magic Dart                     Conjuration                  1
   b - Searing Ray                    Conjuration                  2
   c - Dazzling Spray                 Conjuration/Hexes            3
   d - Fulminant Prism                Conjuration/Hexes            4
   e - Iskenderun's Mystic Blast      Conjuration                  4
   f - Iskenderun's Battlesphere      Conjuration/Charms           5
 B - the Guide on the Traveller and the Glacier
   (You found it on level 6 of the Dungeon)

   Spells                             Type                      Level
   a - Apportation                    Translocation                1
   b - Shroud of Golubria             Charms/Translocation         2
   c - Blink                          Translocation                2
   d - Ice Form                       Ice/Transmutation            4
   e - Warp Weapon                    Charms/Translocation         5
   f - Ozocubu's Refrigeration        Ice                          6
 F - a book of Maledictions

   Spells                             Type                      Level
   a - Corona                         Hexes                        1
   b - Ensorcelled Hibernation        Hexes/Ice                    2
   c - Confuse                        Hexes                        3
   d - Tukima's Dance                 Hexes                        3
   e - Dazzling Spray                 Conjuration/Hexes            3
Comestibles
 c - 5 bread rations
 f - 2 beef jerkies
 p - 3 meat rations
 t - 6 fruits
 D - 2 slices of pizza
 R - 10 royal jellies


   Skills:
 + Level 0.8 Short Blades
 + Level 7.0 Dodging
 - Level 2.1 Stealth
 + Level 13.5 Spellcasting
 + Level 12.7 Conjurations
 + Level 1.6 Charms


You had 23 spell levels left.
You knew the following spells:

 Your Spells              Type           Power        Failure   Level  Hunger
a - Magic Dart            Conj           ####         1%          1    None
b - Iskenderun's Battles  Conj/Chrm      #####...     12%         5    ###....
c - Searing Ray           Conj           ######       1%          2    None
d - Iskenderun's Mystic   Conj           ######..     1%          4    None
e - Blink                 Tloc           N/A          12%         2    None


Dungeon Overview and Level Annotations

Branches:
Dungeon (11/15)            Temple (1/1) D:5            Lair (0/8) D:10
    Orc (0/2) D:9

Altars:
Ashenzari
Cheibriados
Dithmenos
Elyvilon
Fedhas
Gozag
Kikubaaqudgha
Makhleb
Nemelex Xobeh
Okawaru
Pakellas
Qazlal
Ru
Sif Muna
Trog
Vehumet
Xom
Yredelemnul
Zin
The Shining One

Shops:
D:4 (   D:6 (   D:10 ?

Annotations:
D:4 Grinder
D:5 Sigmund
D:11 Urug


Message History

Aim: Urug, wielding a long sword and wearing a chain mail (severely wounded)
The magic dart hits Urug.
Urug is severely wounded.
Your battlesphere fires!
The barrage of energy hits Urug.
Urug is severely wounded.
Urug misses you.
Casting: Magic Dart
Confirm with . or Enter, or press ? or * to list all spells.
Aiming: Magic Dart
Press: ? - help, Shift-Dir - straight line, f/p - Urug
Aim: Urug, wielding a long sword and wearing a chain mail (severely wounded)
The magic dart hits Urug.
Urug is severely wounded.
Your battlesphere fires!
The barrage of energy hits Urug.
Urug is severely wounded.
Your battlesphere expends the last of its energy and dissipates.
Urug hits you with a long sword!!
You die...

##....##......#
#...)##......# ..
#............#
..#######............#
.o...........##.....##
.............##......#
..§.........(......#
#.(.##...........##
.####...##@.§...>...
.........o..........
...............$....
....................
.....%...../........
..............##....
..............# ####
...............#
##########.....#


You could see Urug.

Vanquished Creatures
  Erica (D:10)
  2 unseen horrors (D:10)
  The ghost of Typee the Conjurer, a novice OpCj of Sif Muna (D:7)
  Pikel (D:6)
  Psyche (D:8)
  A gargoyle (D:11)
  An efreet (D:10)
  A troll (D:10)
  A two-headed ogre (D:10)
  A wraith (D:11)
  A hippogriff (D:10)
  4 yaks (D:10)
  Grum (D:8)
  A hungry ghost (D:9)
  Edmund (D:6)
  A water moccasin (D:10)
  3 sky beasts
  2 black bears
  2 phantoms
  An eye of draining (D:10)
  6 ogres
  A necrophage (D:6)
  4 centaurs
  5 wolves
  A wasp (D:9)
  3 big kobolds
  5 giant frogs
  A gnoll sergeant (D:9)
  A wyvern skeleton (D:9)
  4 scorpions
  5 killer bees (D:7)
  4 electric eels (D:10)
  12 wights
  3 crimson imps
  A quasit (D:11)
  A centaur zombie (D:5)
  10 hounds
  6 jellies
  3 orc priests
  3 iron imps (D:3)
  9 orc wizards
  A centaur skeleton (D:5)
  4 iguanas
  7 worker ants
  A killer bee zombie (D:8)
  2 hound skeletons
  7 gnolls
  A howler monkey skeleton (D:6)
  14 adders
  4 shadow imps
  7 oozes
  An adder zombie (D:9)
  4 dart slugs
  3 worms
  5 giant geckos
  24 orcs
  3 ball pythons
  13 bats
  5 giant cockroaches
  9 hobgoblins
  15 jackals
  8 quokkas
  A giant gecko zombie (D:6)
  3 giant newts
  14 goblins
  2 jackal zombies (D:5)
  23 kobolds
  10 rats
307 creatures vanquished.

Vanquished Creatures (others)
  A tengu reaver (D:10)
  A howler monkey (D:6)
  An iguana (D:6)
3 creatures vanquished.

Grand Total: 310 creatures vanquished

Notes
Turn   | Place    | Note
--------------------------------------------------------------
     0 | D:1      | theElss the High Elf Conjurer began the quest for the Orb.
     0 | D:1      | Reached XP level 1. HP: 11/11 MP: 4/4
   104 | D:1      | Found a shattered altar of Ashenzari.
   329 | D:1      | Reached XP level 2. HP: 17/17 MP: 0/6
   333 | D:1      | Learned a level 2 spell: Searing Ray
   644 | D:1      | Reached skill level 5 in Conjurations
  1324 | D:2      | Reached XP level 3. HP: 21/21 MP: 2/8
  2431 | D:3      | Reached XP level 4. HP: 27/27 MP: 5/9
  2508 | D:3      | Reached skill level 3 in Spellcasting
  2864 | D:3      | Found an iron altar of Okawaru.
  3138 | D:3      | Reached XP level 5. HP: 31/31 MP: 4/11
  3145 | D:3      | Learned a level 5 spell: Iskenderun's Battlesphere
  3426 | D:3      | Found a burning altar of Makhleb.
  3522 | D:3      | Reached skill level 4 in Spellcasting
  3528 | D:3      | Learned a level 4 spell: Iskenderun's Mystic Blast
  3600 | D:4      | Noticed a phantom
  3600 | D:4      | Noticed a phantom
  3846 | D:4      | Found a snail-covered altar of Cheibriados.
  3874 | D:4      | Noticed a black bear
  3875 | D:4      | Found a deep blue altar of Sif Muna.
  3883 | D:4      | Reached XP level 6. HP: 32/36 MP: 7/13
  3943 | D:4      | Reached skill level 5 in Spellcasting
  4151 | D:4      | Got a fine helmet
  4157 | D:4      | Identified the +3 helmet "Beheomid" {+Fly rN+ Regen+ Slay+2} (You found it on level 4 of the Dungeon)
  4297 | D:4      | Reached XP level 7. HP: 41/41 MP: 10/16
  4334 | D:4      | Reached skill level 6 in Spellcasting
  4426 | D:4      | Found Iruhosed's Antique Weapon Emporium.
  4482 | D:4      | Noticed Grinder
  4631 | D:5      | Entered Level 5 of the Dungeon
  4631 | D:5      | Found a staircase to the Ecumenical Temple.
  4640 | Temple   | Entered the Ecumenical Temple
  5495 | D:5      | Noticed Sigmund
  5646 | D:5      | Reached skill level 7 in Spellcasting
  5724 | D:5      | Reached XP level 8. HP: 46/46 MP: 14/19
  5854 | D:5      | Found a bloodstained altar of Trog.
  6314 | D:6      | Reached skill level 8 in Spellcasting
  6409 | D:6      | Identified the Guide on the Traveller and the Glacier
  6413 | D:6      | Learned a level 2 spell: Blink
  6488 | D:6      | Noticed Edmund
  6509 | D:6      | You fall through a shaft for 2 floors!
  6509 | D:8      | Found a white marble altar of Elyvilon.
  6941 | D:7      | Reached skill level 9 in Spellcasting
  7071 | D:7      | Noticed Typee's ghost (novice OpCj)
  7206 | D:6      | Found Fadaqus's Antique Weapon Emporium.
  7206 | D:6      | Found a stormy altar of Qazlal.
  7290 | D:6      | Reached XP level 9. HP: 51/51 MP: 11/23
  7518 | D:7      | Reached skill level 5 in Dodging
  7622 | D:6      | Found an oddly glowing altar of Pakellas.
  7992 | D:6      | Killed Edmund
  7992 | D:6      | Reached skill level 10 in Conjurations
  8094 | D:6      | Noticed Pikel
  8099 | D:6      | Killed Pikel
  8099 | D:6      | Reached skill level 10 in Spellcasting
  8525 | D:7      | You fall through a shaft for 2 floors!
  8740 | D:7      | Found a shimmering altar of Xom.
  8886 | D:7      | Killed Typee's ghost
  8886 | D:7      | Reached skill level 11 in Spellcasting
  8886 | D:7      | Reached XP level 10. HP: 27/56 MP: 4/26
  9359 | D:8      | Noticed Grum
  9370 | D:8      | Killed Grum
  9529 | D:8      | Found a sparkling altar of Nemelex Xobeh.
  9623 | D:8      | Found a glowing silver altar of Zin.
  9623 | D:8      | Noticed an angel
  9825 | D:8      | Noticed Psyche
  9831 | D:8      | Killed Psyche
 10747 | D:9      | Found a radiant altar of Vehumet.
 10760 | D:9      | Became a worshipper of Vehumet
 10839 | D:9      | Reached skill level 12 in Spellcasting
 10995 | D:9      | Found a staircase to the Orcish Mines.
 11414 | D:9      | Found a sparkling altar of Nemelex Xobeh.
 11654 | D:10     | Entered Level 10 of the Dungeon
 11758 | D:10     | Reached * piety under Vehumet
 11758 | D:10     | Offered knowledge of Sting by Vehumet.
 12151 | D:10     | Noticed Erica
 12167 | D:10     | Killed Erica
 12261 | D:10     | Found a staircase to the Lair.
 12282 | D:10     | Found Izor's Magic Scroll Boutique.
 12303 | D:10     | Bought a scroll of fog for 30 gold pieces
 12304 | D:10     | Bought a scroll of identify for 30 gold pieces
 12340 | D:10     | Killed an unseen horror
 12340 | D:10     | Reached skill level 13 in Spellcasting
 12340 | D:10     | Reached XP level 11. HP: 29/61 MP: 7/29
 13020 | D:10     | Killed an unseen horror
 13284 | D:10     | Found an oddly glowing altar of Pakellas.
 13290 | D:10     | Killed a tengu reaver
 13496 | D:11     | Noticed a red ugly thing
 13548 | D:11     | Offered knowledge of Throw Frost by Vehumet.
 13548 | D:11     | Reached skill level 1 in Charms
 13549 | D:11     | Reached ** piety under Vehumet
 13838 | D:11     | Noticed Urug
 13861 | D:11     | Slain by Urug

Skill      XL: |  1  2  3  4  5  6  7  8  9 10 11 |
---------------+----------------------------------+-----
Conjurations   | 5 6 7 8 9 10 12 | 12.7
Spellcasting   | 3 4 5 7 9 11 13 | 13.5
Dodging        | 3 4 5 6 7 |  7.0
Charms         | 1 |  1.6
Short Blades   | |  0.8
Stealth        | |  2.1

Action                   |  1- 3 |  4- 6 |  7- 9 | 10-12 || total
-------------------------+-------+-------+-------+-------++-------
Melee: Unarmed           |     3 |       |       |       ||     3
       Dagger            |       |     9 |    23 |    10 ||    42
 Cast: Magic Dart        |    85 |   117 |   190 |   180 ||   572
       Searing Ray       |     2 |     8 |    42 |    45 ||    97
       Iskenderun's Myst |       |     2 |    25 |    57 ||    84
       Iskenderun's Batt |       |       |       |    19 ||    19
  Use: Scroll            |     8 |       |    11 |     3 ||    22
       Potion            |       |       |       |     2 ||     2
  Eat: Chunk             |     4 |     7 |    15 |    19 ||    45
Armor: Robe              |     1 |       |       |       ||     1
       Leather armour    |       |     9 |    36 |    58 ||   103
Dodge: Dodged            |    14 |    13 |    73 |    64 ||   164
